 Dungeon Crawl Stone Soup version 0.30-b1-2-g02819fbbbe (webtiles) character file.

Game seed: 14074766167328434393

149 maniek23 the Skirmisher (level 5, -40/43 HPs)
             Began as a Gnoll Hunter on July 25, 2023.
             Killed by an exploding kobold brigand (54 damage)
             ... ignited by their inner flame
             ... on level 4 of the Dungeon.
             The game lasted 00:13:07 (2812 turns).

maniek23 the Skirmisher (Gnoll Hunter)              Turns: 2812, Time: 00:13:10

Health: -40/43     AC:  6    Str: 10    XL:     5   Next: 31%
Magic:  7/7        EV: 14    Int:  8    God:
Gold:   57         SH:  0    Dex: 18    Spells: 7/7 levels left

rFire   x . .        b - +1 falchion (holy)
rCold   + . .        (no shield)
rNeg    . . .        c - +0 leather armour
rPois   .            w - +1 helmet of Sif Muna's Respect {+Blink}
rElec   .            l - +0 cloak
rCorr   .            (no gloves)
SInv    .            (no boots)
Will    .....        (no amulet)
Stlth   ++           i - ring of ice
HPRegen 0.27/turn    (no ring)
MPRegen 0.10/turn

%: no passive effects
@: slowed, very slow
A: fangs 1, strong nose, distributed training
a: Evoke Blink


You were on level 4 of the Dungeon.
You visited 1 branch of the dungeon, and saw 4 of its levels.

You collected 85 gold pieces.
You spent 28 gold pieces at shops.

Inventory:

Hand Weapons
 a - a +0 shortbow
 b - a +1 falchion of holy wrath (weapon)
 n - a +0 short sword
 o - a +0 dagger of speed
 t - a +0 whip
Armour
 c - a +0 leather armour (worn)
 h - a +0 ring mail
 l - a +0 cloak (worn)
 w - the +1 helmet of Sif Muna's Respect (worn) {+Blink}
   (You found it on level 3 of the Dungeon)

   +Blink:    It lets you blink.
Jewellery
 i - a ring of ice (left hand)
 m - a +6 ring of intelligence
 q - a ring of magical power
Wands
 p - a wand of polymorph (3)
 u - a wand of paralysis (3)
Scrolls
 g - a scroll of poison {unknown}
 j - 3 scrolls of identify
 k - 3 scrolls of enchant armour {unknown}
 v - a scroll of fear {unknown}
Potions
 d - a potion of might {unknown}
 e - 4 potions of curing
 r - a potion of degeneration {unknown}
 s - a potion of heal wounds {unknown}


   Skills:
 + Level 4.8 Fighting
 + Level 1.5 Short Blades
 + Level 1.5 Long Blades
 + Level 1.5 Axes
 + Level 1.5 Maces & Flails
 + Level 1.5 Polearms
 + Level 1.5 Staves
 + Level 8.6 Ranged Weapons
 + Level 1.5 Throwing
 + Level 1.5 Armour
 + Level 4.8 Dodging
 + Level 2.8 Stealth
 + Level 1.5 Shields
 + Level 1.5 Unarmed Combat
 + Level 1.5 Spellcasting
 + Level 1.2 Conjurations
 + Level 1.2 Hexes
 + Level 1.2 Summonings
 + Level 1.2 Necromancy
 + Level 1.2 Translocations
 + Level 1.2 Transmutations
 + Level 1.2 Fire Magic
 + Level 1.2 Ice Magic
 + Level 1.2 Air Magic
 + Level 1.2 Earth Magic
 + Level 1.2 Poison Magic
 + Level 1.7 Invocations
 + Level 1.5 Evocations


You had 7 spell levels left.
You didn't know any spells.
Your spell library contained the following spells:

 Spells                   Type           Power      Damage    Failure   Level
 Dazzling Flash           Conj/Hex       4%         N/A       65%         3
 Volatile Blastmotes      Fire/Tloc      4%         2d10      65%         3
 Animate Armour           Summ/Erth      4%         N/A       96%         4
 Iskenderun's Mystic Bla  Conj/Tloc      2%         2d3       96%         4
 Blade Hands              Tmut           1%         N/A       100%        5
 Iron Shot                Conj/Erth      1%         9d1       100%        6
 Starburst                Conj/Fire      1%         6d3       100%        6


Dungeon Overview and Level Annotations

Branches:
Dungeon (4/15)
 Temple: D:4-7

Altars:
Uskayaw

Shops:
D:1 *(!([


Innate Abilities, Weirdness & Mutations

You have very sharp teeth.
Your uncanny sense of smell can sniff out nearby items.
Your experience applies equally to all skills.


Message History

The curare-tipped dart hits you.
You are poisoned.
You have difficulty breathing.
* * * LOW HITPOINT WARNING * * *
You feel as though you will be slow longer.
The kobold brigand throws a curare-tipped dart.
The curare-tipped dart closely misses you.
You blink.
You feel very sick.
The kobold brigand throws a curare-tipped dart.
The curare-tipped dart hits you.
You are lethally poisoned!
You have difficulty breathing.
* * * LOW HITPOINT WARNING * * *
You feel as though you will be slow longer.
It was a potion of curing.
You feel better.
The kobold brigand completely misses you.
Really read the scroll of immolation?
Uppercase [Y]es or [N]o only, please.
Really read the scroll of immolation?
As you read the scroll of immolation, it crumbles to dust.
The creatures around you are filled with an inner flame!
The kobold brigand hits you with a +0 whip.
* * * LOW HITPOINT WARNING * * *
You feel better.
You feel stable enough to blink again.
The kobold brigand hits you with a +0 whip.
The kobold brigand hits you but does no damage.
Your +1 falchion of holy wrath softly glows with a divine radiance!
b - a +1 falchion of holy wrath (weapon)
You closely miss the kobold brigand. Your bite misses the kobold brigand.
The kobold brigand is heavily wounded.
The kobold brigand hits you but does no damage. x2
You hit the kobold brigand.
Flame seeps out of the kobold brigand.
The kobold brigand is severely wounded.
The kobold brigand is engulfed in blazing flames.
The kobold brigand explodes!
The fiery explosion engulfs you!!! The fire burns you terribly!
Ouch! That really hurt!
You die...

...###....## #...##......##.
...........# ...............
.......K...# .......<.).....
...........# ...............
..####..###########......##.
###..####....###......##.
#....(..§§§..............
#........○§..............
#.......@.§..............
#..####...##.##.##....###
#.. #####'########....##
.... #....††......#.....#
<.... #............#.....#
.... #............#.....#
#............#.....#
#............#.....#
#............#.....#


There were no monsters in sight!

Vanquished Creatures
  A kobold brigand (D:4)
  Ijyb (D:3)
  4 adders
  A white imp (D:4)
  3 worms
  A dart slug (D:2)
  An orc (D:3)
  6 bats
  7 endoplasms
  3 giant cockroaches
  5 goblins
  A hobgoblin (D:1)
  7 jackals
  12 kobolds
  5 quokkas
  6 ball pythons
  2 frilled lizards (D:1)
  7 rats
73 creatures vanquished.

Vanquished Creatures (others)
  11 plants (D:3)
11 creatures vanquished.

Grand Total: 84 creatures vanquished

Notes
Turn   | Place    | Note
-------+----------+-------------------------------------------
     0 | D:1      | maniek23 the Gnoll Hunter began the quest for the Orb.
     0 | D:1      | Reached XP level 1. HP: 20/20 MP: 1/1
   162 | D:1      | Reached XP level 2. HP: 26/26 MP: 2/2
   175 | D:1      | Found Wesicum's Antique Armour Shop.
   228 | D:1      | Found Ikefud's Weapon Boutique.
   345 | D:1      | Found Innozod's General Store.
   355 | D:1      | Bought a scroll of identify for 28 gold pieces
   492 | D:1      | Found Veopnul's Distillery.
   519 | D:1      | Reached XP level 3. HP: 31/31 MP: 3/3
   544 | D:1      | Found Ylofikhlohuix's Weapon Shop.
   714 | D:2      | Reached skill level 1 in Invocations
   978 | D:2      | Reached skill level 1 in Short Blades
   978 | D:2      | Reached skill level 1 in Long Blades
   978 | D:2      | Reached skill level 1 in Axes
   978 | D:2      | Reached skill level 1 in Maces & Flails
   978 | D:2      | Reached skill level 1 in Polearms
   978 | D:2      | Reached skill level 1 in Staves
   978 | D:2      | Reached skill level 1 in Throwing
   978 | D:2      | Reached skill level 1 in Armour
   978 | D:2      | Reached skill level 1 in Shields
   978 | D:2      | Reached skill level 1 in Unarmed Combat
   978 | D:2      | Reached skill level 1 in Spellcasting
   978 | D:2      | Reached skill level 1 in Evocations
  1397 | D:3      | Noticed a +0 falchion
  1397 | D:3      | Noticed a +0 dagger
  1397 | D:3      | Noticed a +0 short sword
  1398 | D:3      | Noticed a +0 dagger
  1399 | D:3      | Noticed a +0 spear
  1399 | D:3      | Noticed a +0 short sword
  1399 | D:3      | Noticed a +0 spear
  1404 | D:3      | Noticed a +0 falchion
  1417 | D:3      | Found a hide-covered altar of Uskayaw.
  1507 | D:3      | Reached XP level 4. HP: 36/38 MP: 5/5
  1726 | D:3      | Reached skill level 1 in Conjurations
  1726 | D:3      | Reached skill level 1 in Hexes
  1726 | D:3      | Reached skill level 1 in Summonings
  1726 | D:3      | Reached skill level 1 in Necromancy
  1726 | D:3      | Reached skill level 1 in Translocations
  1726 | D:3      | Reached skill level 1 in Transmutations
  1726 | D:3      | Reached skill level 1 in Fire Magic
  1726 | D:3      | Reached skill level 1 in Ice Magic
  1726 | D:3      | Reached skill level 1 in Air Magic
  1726 | D:3      | Reached skill level 1 in Earth Magic
  1726 | D:3      | Reached skill level 1 in Poison Magic
  2126 | D:3      | Noticed Ijyb
  2129 | D:3      | Paralysed by Ijyb for 3 turns
  2135 | D:3      | Paralysed by Ijyb for 4 turns
  2141 | D:3      | Paralysed by Ijyb for 3 turns
  2145 | D:3      | Paralysed by Ijyb for 2 turns
  2147 | D:3      | Killed Ijyb
  2148 | D:3      | Reached XP level 5. HP: 35/43 MP: 5/7
  2323 | D:3      | Identified the +1 helmet of Sif Muna's Respect {+Blink}
  2785 | D:4      | Noticed a kobold brigand
  2806 | D:4      | HP: 2/43 [asphyx]
  2812 | D:4      | Killed a kobold brigand
  2812 | D:4      | Killed by an exploding kobold brigand... ignited by their
                  | inner flame

Illustrated notes

Levels and vault maps discovered:
D:1:      mrwooster_arrival_statue_2, layout_basic, serial_shops, shop,
          nicolae_square_shop, nicolae_shop_behind_doors, shop,
          nicolae_shop_just_a_little_nook
D:2:      layout_loops_cross
D:3:      layout_loops_ring, nicolae_uskayaw_en_pointe, gup_sewer_entry_bowl,
          serial_aquarium, aquarium_bridge_square [aquarium_subvault_balcony,
          aquarium_subvault_window, aquarium_subvault_balcony,
          aquarium_subvault_bridge], aquarium_window_2,
          aquarium_window_corridor_3, aquarium_window_1, aquarium_window_fake,
          aquarium_view_2d, aquarium_view_2c, aquarium_balcony_3a,
          aquarium_pool_five, lexackson_kobold_supper, uniq_ijyb
D:4:      layout_gridville, lemuel_crystal_altar, serial_shops, shop

Skill      XL: |  1  2  3  4 |
---------------+-------------+-----
Invocations    | 1 |  1.7
Short Blades   | 1 |  1.5
Long Blades    | 1 |  1.5
Axes           | 1 |  1.5
Maces & Flails | 1 |  1.5
Polearms       | 1 |  1.5
Staves         | 1 |  1.5
Throwing       | 1 |  1.5
Armour         | 1 |  1.5
Shields        | 1 |  1.5
Unarmed Combat | 1 |  1.5
Spellcasting   | 1 |  1.5
Evocations     | 1 |  1.5
Conjurations   | 1 |  1.2
Hexes          | 1 |  1.2
Summonings     | 1 |  1.2
Necromancy     | 1 |  1.2
Translocations | 1 |  1.2
Transmutations | 1 |  1.2
Fire Magic     | 1 |  1.2
Ice Magic      | 1 |  1.2
Air Magic      | 1 |  1.2
Earth Magic    | 1 |  1.2
Poison Magic   | 1 |  1.2
Fighting       | |  4.8
Ranged Weapons | |  8.6
Dodging        | |  4.8
Stealth        | |  2.8

Action                     |  1- 3 |  4- 6 || total
---------------------------+-------+-------++-------
  Melee: Short sword       |    24 |       ||    24
         Bite              |     4 |     7 ||    11
         Falchion          |       |    87 ||    87
         Punch             |       |     1 ||     1
   Fire: Shortbow          |   109 |    26 ||   135
Ability: Evoke Blink       |       |     1 ||     1
    Use: Potion            |       |     2 ||     2
         Scroll            |       |     1 ||     1
   Stab: Sleeping          |       |     2 ||     2
 Armour: Ring mail         |     4 |       ||     4
         Leather armour    |     3 |    19 ||    22
  Dodge: Dodged            |    27 |    63 ||    90
